 Dungeon Crawl Stone Soup version 0.20-b1-18-gaa2fd62 (webtiles) character file.

233 miragecloak the Insei (level 6, -1/38 HPs)
             Began as an Octopode Transmuter on May 24, 2017.
             Slain by an ogre
             ... wielding a cursed +0 giant club
              (17 damage)
             ... on level 4 of the Dungeon.
             The game lasted 00:03:06 (3247 turns).

miragecloak the Insei (Octopode Transmuter)         Turns: 3247, Time: 00:03:06

Health: -1/38      AC:  1    Str:  9    XL:     6   Next: 4%
Magic:  9/9        EV: 13    Int: 16    God:
Gold:   159        SH:  0    Dex: 14    Spells: 5/9 levels left

rFire    . . .     SeeInvis .     - Unarmed
rCold    . . .     Gourm    .   (no shield)
rNeg     . . .     Faith    .   (helmet restricted)
rPois    .         Spirit   .   (no amulet)
rElec    .         Reflect  .   (no ring)
rCorr    .         Harm     .   (no ring)
MR       .....                  (no ring)
Stlth    ++........             (no ring)
Regen    0.2/turn               (no ring)
MPRegen  0.2/turn               (no ring)
                                (no ring)
                                (no ring)

@: no status effects
A: almost no armour, stealthy swim, amphibious, 8 rings, constrict 8, camouflage
1, gelatinous body 1
a: no special abilities


You were on level 4 of the Dungeon.
You were not hungry.

You visited 1 branch of the dungeon, and saw 4 of its levels.

You collected 159 gold pieces.

Inventory:

Missiles
 a - 44 arrows
Armour
 n - a +0 shield
Jewellery
 o - an uncursed ring of see invisible {unknown}
 v - a +2 ring of slaying {unknown}
Wands
 k - a wand of flame (31/48)
 q - a wand of lightning (6/15)
 u - a wand of lightning (6/15)
Scrolls
 d - 3 scrolls of remove curse {unknown}
 f - 2 scrolls of identify {unknown}
 h - 2 scrolls of amnesia {unknown}
 i - a scroll of magic mapping {unknown}
 l - a scroll of enchant armour {unknown}
 p - a scroll of immolation {unknown}
 s - 2 scrolls of teleportation {unknown}
 w - a scroll of fog {unknown}
Potions
 e - a potion of cancellation {unknown}
 g - a potion of haste {unknown}
 j - a potion of flight {unknown}
 r - a potion of curing {unknown}
 x - 2 potions of heal wounds {unknown}
 z - a potion of ambrosia {unknown}
Books
 b - a book of Changes

   Spells                             Type                      Level
   a - Beastly Appendage              Transmutation                1
   b - Sticks to Snakes               Transmutation                2
   c - Spider Form                    Transmutation/Poison         3
   d - Ice Form                       Ice/Transmutation            4
   e - Blade Hands                    Transmutation                5
Comestibles
 c - 5 bread rations
 m - 3 royal jellies
 t - 3 meat rations


   Skills:
 - Level 1.0 Fighting
 - Level 2.0 Dodging
 + Level 4.1 Unarmed Combat
 - Level 2.0 Spellcasting
 - Level 4.0 Transmutations
 - Level 4.0 Poison Magic


You had 5 spell levels left.
You knew the following spells:

 Your Spells              Type           Power        Failure   Level  Hunger
a - Beastly Appendage     Tmut           ##....       4%          1    #......
b - Spider Form           Tmut/Pois      ##........   12%         3    ###....


Dungeon Overview and Level Annotations

Branches:
Dungeon (4/15)
 Temple: D:4-7

Altars:
Gozag

Annotations:
D:4 Yhamm's ghost, novice GrFi


Innate Abilities, Weirdness & Mutations

You cannot wear most types of armour.
You are very stealthy in the water. (Stealth+)
You are amphibious.
You can wear up to eight rings at the same time.
You can use your tentacles to constrict eight enemies at once.
Your skin changes colour to match your surroundings (Stealth+).
Your rubbery body absorbs attacks. (AC +1, EV +1)


Message History

You turn into a venomous arachnid creature.
The frilled lizard hisses angrily.
You hit the frilled lizard.
You kill the frilled lizard!
Found a stone staircase leading down.
An ogre is nearby!
An ogre is nearby!
An iguana comes into view.
Found an escape hatch in the floor.
You completely miss the ogre. The ogre closely misses you.
Your transformation is almost over.
The ogre hits you with a giant club!!
Ouch! That really hurt!
* * * LOW HITPOINT WARNING * * *
The iguana hisses angrily.
Your transformation has ended.
A leopard gecko comes into view.
There is a stone staircase leading down here.
The ogre hits you with a giant club!
You die...

...........######.#..#.##....# .
.......#......###.##...##....# .
.......#..........###...#....#
.......#....#.....#####.....##
[......##..........#####....#...
.......l........)...............
#..#########.l..............#...
...# ##.........#.....##... ...#
##..O@.#.#.#.#....##.. .#.###
#............#.....##. .#...#
#.......#............ .#.#.##
#.......#(........... .#.#..#
##.....##.#.##.......
.#.##.########.........#
##...............##.####
...###.###########..# ##.# #..##
#.##


You could see an ogre and an iguana.

Vanquished Creatures
  A scorpion (D:4)
  Jessica (D:3)
  2 worker ants (D:4)
  A hound skeleton (D:4)
  6 adders
  An ooze (D:2)
  An orc (D:3)
  2 giant cockroaches (D:3)
  8 goblins
  3 hobgoblins
  3 jackals (D:2)
  4 kobolds
  3 ball pythons
  3 bats
  4 frilled lizards
  4 rats
47 creatures vanquished.

Vanquished Creatures (others)
  6 plants (D:4)
6 creatures vanquished.

Grand Total: 53 creatures vanquished

Notes
Turn   | Place    | Note
-------+----------+-------------------------------------------
     0 | D:1      | miragecloak the Octopode Transmuter began the quest for the Orb.
     0 | D:1      | Reached XP level 1. HP: 13/13 MP: 3/3
   134 | D:1      | Reached XP level 2. HP: 15/18 MP: 3/5
   713 | D:2      | Reached XP level 3. HP: 14/23 MP: 4/6
   986 | D:2      | Learned a level 3 spell: Spider Form
  1059 | D:2      | You fall through a shaft for 2 floors!
  1165 | D:4      | Reached skill level 1 in Poison Magic
  1165 | D:4      | Reached XP level 4. HP: 18/28 MP: 3/7
  1359 | D:4      | Noticed Yhamm's ghost (novice GrFi)
  1367 | D:4      | Noticed an ogre
  1393 | D:3      | Reached XP level 5. HP: 29/33 MP: 5/8
  1668 | D:3      | Noticed Jessica
  1679 | D:3      | Killed Jessica
  2742 | D:4      | Found an opulent altar of Gozag.
  2783 | D:4      | Reached XP level 6. HP: 22/38 MP: 5/9
  3247 | D:4      | Slain by an ogre

Skill      XL: |  1  2  3  4  5 |
---------------+----------------+-----
Transmutations | 3 4 |  4.0
Poison Magic   | 1 3 4 |  4.0
Unarmed Combat | 4 |  4.1
Fighting       | |  1.0
Dodging        | |  2.0
Spellcasting   | |  2.0

Action                   |  1- 3 |  4- 6 || total
-------------------------+-------+-------++-------
Melee: Unarmed           |    74 |    59 ||   133
       Tentacles         |    15 |       ||    15
       Constrict         |    17 |     2 ||    19
       Kick              |    11 |       ||    11
 Cast: Beastly Appendage |    22 |       ||    22
       Spider Form       |     1 |    19 ||    20
 Stab: Sleeping          |     2 |     2 ||     4
  Eat: Chunk             |     1 |     7 ||     8
       Meat ration       |       |     1 ||     1
Armor: Skin              |     4 |     1 ||     5
Dodge: Dodged            |    45 |    59 ||   104
